 Dungeon Crawl Stone Soup version 0.29-a0-378-gc08b2e8bf8 (webtiles) character file.

Game seed: 8220432526404720693

47 zeratav the Sneak (level 3, -2/23 HPs)
             Began as a Kobold Enchanter on May 4, 2022.
             Slain by Grinder (3 damage)
             ... while paralysed by Grinder
             ... on level 3 of the Dungeon.
             The game lasted 00:01:53 (2003 turns).

zeratav the Sneak (Kobold Enchanter)                Turns: 2003, Time: 00:01:53

Health: -2/23      AC:  5    Str:  5    XL:     3   Next: 97%
Magic:  6/6        EV:  3    Int: 16    God:
Gold:   71         SH:  0    Dex: 17    Spells: 6/6 levels left

rFire   . . .      SeeInvis .   a - +1 dagger {short}
rCold   . . .      Faith    .   (no shield)
rNeg    . . .      Spirit   .   b - +0 robe
rPois   .          Reflect  .   o - +2 helmet
rElec   .          Harm     .   j - scarf {repulsion}
rCorr   .          Rampage  .   (no gloves)
Will    +....                   (no boots)
Stlth   ++++......              (no amulet)
HPRegen 0.07/turn               e - ring of willpower
MPRegen 0.10/turn               (no ring)

@: paralysed, repel missiles
A: small, no large weapons, nightstalker 3
a: no special abilities


You were on level 3 of the Dungeon.
You visited 1 branch of the dungeon, and saw 3 of its levels.

You collected 71 gold pieces.


Innate Abilities, Weirdness & Mutations

You are small and have problems with some larger weapons.
You are completely attuned to the shadows.


   Skills:
 + Level 3.5 Fighting
 - Level 1.3 Short Blades
 - Level 2.4 Dodging
 - Level 4.0 Stealth
 - Level 2.1 Spellcasting
 - Level 3.0 Hexes


You had 6 spell levels left.
You didn't know any spells.
Your spell library contained the following spells:

 Spells                   Type           Power      Damage    Failure   Level
 Ensorcelled Hibernation  Hex/Ice        12%        N/A       17%         2
 Confusing Touch          Hex            11%        N/A       19%         3
 Tukima's Dance           Hex            11%        N/A       19%         3
 Dazzling Flash           Conj/Hex       12%        N/A       32%         3
 Ozocubu's Armour         Ice            1%         N/A       52%         3
 Metabolic Englaciation   Hex/Ice        3%         N/A       97%         5
 Simulacrum               Ice/Necr       0%         N/A       100%        6

Inventory:

Hand Weapons
 a - a +1 dagger (weapon) {short}
Armour
 b - a +0 robe (worn)
 j - a scarf of repulsion (worn)
   (You found it on level 1 of the Dungeon)
 k - a +0 cloak
   (You found it on level 1 of the Dungeon)
 o - a +2 helmet (worn)
   (You found it on level 2 of the Dungeon)
Jewellery
 e - a ring of willpower (left hand)
   (You found it on level 1 of the Dungeon)
Wands
 u - a wand of flame (15)
   (You found it on level 3 of the Dungeon)
Scrolls
 f - a scroll of enchant armour {unknown}
 g - 2 scrolls of brand weapon {unknown}
 h - 3 scrolls of identify {unknown}
 i - a scroll of vulnerability {unknown}
 q - a scroll of torment {unknown}
 r - a scroll of poison {unknown}
 s - a scroll of teleportation {unknown}
 t - a scroll of enchant weapon {unknown}
Potions
 c - 2 potions of invisibility
 d - a potion of brilliance {unknown}
 l - a potion of might {unknown}
 m - 3 potions of curing {unknown}
 n - a potion of lignification {unknown}
 p - a potion of resistance {unknown}

Dungeon Overview and Level Annotations

Branches:
Dungeon (3/15)

Altars:

Annotations:
D:3 Grinder

#.####
#.# ..#
.... #.#
#.#
.###.###
.^...5.##
....@....
####J#.##
#.. ..
###. # .#


You could see Grinder and an endoplasm.


Message History

No target in view!
You see here an adder corpse.
You now have 71 gold pieces (gained 11).
A giant cockroach comes into view.
The helpless giant cockroach fails to defend itself.
You impale the giant cockroach!!
You kill the giant cockroach!
No target in view!
No target in view!
No target in view!
No target in view!
No target in view!
No target in view!
No target in view!
No target in view!
No target in view!
No target in view!
No target in view!
Found an escape hatch in the ceiling.
There is an escape hatch in the ceiling here.
u - a wand of flame (15)
A sourceless malevolence fills the Dungeon... and a teleportation trap spontaneously manifests!
You are yanked towards some nearby monsters!
Your surroundings suddenly seem different.
Grinder and an endoplasm come into view.
The helpless Grinder fails to defend herself.
You puncture Grinder!
Grinder grins, showing sharp teeth.
Grinder misses you.
You barely miss Grinder.
Grinder says, "There's only one good use for a tongue: cutting it out."
Grinder completely misses you.
You completely miss Grinder. Grinder gestures at you.
You easily resist.
You barely miss Grinder.
The endoplasm quivers.
Grinder completely misses you.
You hit Grinder. Grinder closely misses you.
You hit Grinder. Grinder gestures at you. You resist with significant effort.
You hit Grinder but do no damage. You hit Grinder but do no damage.
The endoplasm hits you but does no damage.
Grinder gestures at you. You resist with significant effort.
You closely miss Grinder. The endoplasm freezes you.
You are frozen.
Grinder gestures at you. Pain shoots through your body!
You are too injured to fight recklessly!
HP[-6]
You take 6 damage, and now have 17/23 hp.
MASSIVE DAMAGE!! (PAUSE)
You are too injured to fight recklessly!
You are too injured to fight recklessly!
You are too injured to fight recklessly!
You are too injured to fight recklessly!
You are too injured to fight recklessly!
You are too injured to fight recklessly!
You are too injured to fight recklessly!
You are too injured to fight recklessly!
You are too injured to fight recklessly!
You are too injured to fight recklessly!
You are too injured to fight recklessly!
You are too injured to fight recklessly!
You are too injured to fight recklessly!
You are too injured to fight recklessly!
You are too injured to fight recklessly!
You are too injured to fight recklessly!
You are too injured to fight recklessly!
You are too injured to fight recklessly!
You are too injured to fight recklessly!
You are too injured to fight recklessly!
You are too injured to fight recklessly!
You are too injured to fight recklessly!
You closely miss Grinder. The endoplasm misses you. Grinder gestures at you.
You suddenly lose the ability to move!
The endoplasm hits you but does no damage.
Grinder barely misses you. The endoplasm hits you.
Grinder hits you but does no damage. The endoplasm freezes you.
You are frozen.
Grinder says, "DUCK!"
Grinder hits you.
* * * LOW HITPOINT WARNING * * *
You writhe in agony.
* * * LOW HITPOINT WARNING * * *
The endoplasm freezes you.
You are frozen.
* * * LOW HITPOINT WARNING * * *
Grinder hits you but does no damage. The endoplasm freezes you.
You are frozen.
* * * LOW HITPOINT WARNING * * *
Grinder hits you.
You die...

Skill      XL: |  1  2  3 |
---------------+----------+-----
Fighting       | 1 2 3 |  3.5
Short Blades   | |  1.3
Dodging        | |  2.4
Stealth        | |  4.0
Spellcasting   | |  2.1
Hexes          | |  3.0

Action                   || total
-------------------------++-------
Melee: Dagger            ||    73
 Stab: Sleeping          ||    17
Armor: Robe              ||     6
Dodge: Dodged            ||    36

Levels and vault maps discovered:
D:1:      dreamdust_arrival_beginning_and_end, layout_loops_corners,
          minmay_unequal
D:2:      layout_basic
D:3:      layout_loops_ring, serial_undead, serial_undead_c, serial_undead_b,
          serial_undead_a, serial_undead_a, uniq_grinder, uniq_natasha

Notes
Turn   | Place    | Note
-------+----------+-------------------------------------------
     0 | D:1      | zeratav the Kobold Enchanter began the quest for the Orb.
     0 | D:1      | Reached XP level 1. HP: 10/10 MP: 3/3
     0 | D:1      | magus.rc [v1.9.6]
   237 | D:1      | Reached skill level 1 in Fighting
   430 | D:1      | Reached XP level 2. HP: 16/16 MP: 5/5
   480 | D:1      | Reached skill level 2 in Fighting
   871 | D:1      | Reached XP level 3. HP: 17/22 MP: 6/6
  1262 | D:2      | Reached skill level 3 in Fighting
  1630 | D:2      | You pick up a book of Winter and begin reading...
  1630 | D:2      | You add the spells Ozocubu's Armour, Metabolic Englaciation
                  | and Simulacrum to your library.
  1988 | D:3      | Noticed Grinder
  1998 | D:3      | Paralysed by Grinder for 6 turns
  2001 | D:3      | HP: 4/23 [Grinder (6)]
  2003 | D:3      | HP: 1/23 [frozen (2)]
  2003 | D:3      | Slain by Grinder

Vanquished Creatures
  An adder (D:3)
  A dart slug (D:2)
  3 ball pythons (D:1)
  A bat (D:1)
  An endoplasm (D:2)
  5 giant cockroaches
  5 goblins (D:1)
  3 hobgoblins
  3 jackals (D:1)
  3 kobolds
  A quokka (D:1)
  A ball python skeleton (D:3)
  A frilled lizard (D:2)
  3 rats
32 creatures vanquished.

Table legend:
 A = Non-vault XP
 B = Vault XP
 C = Vault XP percentage of total XP
 D = Non-vault monster count
 E = Vault monster count
 F = Vault count percentage of total count
                 A         B        C        D         E       F
            +---------+---------+-------+---------+---------+-------
      Total |      60 |       8 |  11.8 |      26 |       6 |  18.8
            +---------+---------+-------+---------+---------+-------
        D:1 |      27 |       7 |  20.6 |      14 |       5 |  26.3
        D:2 |      13 |       0 |   0.0 |       7 |       0 |   0.0
        D:3 |      20 |       1 |   4.8 |       5 |       1 |  16.7
            +---------+---------+-------+---------+---------+-------

Illustrated notes

Table legend:
 A = Kills in this place as a percentage of kills in entire the game.
 B = Kills by you in this place as a percentage of kills by you in the entire game.
 C = Kills by friends in this place as a percentage of kills by friends in the entire game.
 D = Other kills in this place as a percentage of other kills in the entire game.
 E = Experience gained in this place as a percentage of experience gained in the entire game.
 F = Experience gained in this place divided by the number of levels of this place that you have seen.
                   A       B       C       D       E      F
               +-------+-------+-------+-------+-------+----------------------
         Total | 100.0 | 100.0 |   N/A |   N/A | 100.0 |  22.7
       Dungeon | 100.0 | 100.0 |   N/A |   N/A | 100.0 |  22.7
               +-------+-------+-------+-------+-------+----------------------

Table legend: (Time is in decaauts)
 A = Elapsed time spent in this place.
 B = Non-inter-level travel time spent in this place.
 C = Inter-level travel time spent in this place.
 D = Time resting spent in this place.
 E = Time spent auto-exploring this place.
 F = Levels seen in this place.
 G = Mean time per level.
                   A        B        C        D        E       F      G
               +--------+--------+--------+--------+--------+-----+--------+
         Total |   1996 |   1934 |     62 |     87 |   1636 |   3 |  665.3 |
       Dungeon |   1996 |   1934 |     62 |     87 |   1636 |   3 |  665.3 |
               +--------+--------+--------+--------+--------+-----+--------+

Top non-repeatable levels by time:
     D:1: 1215 daAuts
     D:2: 503 daAuts
     D:3: 278 daAuts
